 Dungeon Crawl Stone Soup version 0.28-a0-998-gb9e9c7b67e (webtiles) character file.

Game seed: 16828543814005917958

158 vineage the Skirmisher (level 5, 0/37 HPs)
             Began as a Gargoyle Fighter on Dec 5, 2021.
             Slain by Sigmund (3 damage)
             ... on level 2 of the Dungeon.
             The game lasted 00:02:11 (2430 turns).

vineage the Skirmisher (Gargoyle Fighter)           Turns: 2430, Time: 00:02:13

Health: 0/37       AC: 10    Str: 20    XL:     5   Next: 40%
Magic:  4/4        EV:  9    Int:  8    God:
Gold:   85         SH:  0    Dex: 11    Spells: 4/4 levels left

rFire   + . .      SeeInvis .   a - +0 flail
rCold   + . .      Faith    .   c - +0 buckler
rNeg    + . .      Spirit   .   b - +0 scale mail
rPois   ∞          Reflect  .   (helmet restricted)
rElec   +          Harm     .   (no cloak)
rCorr   +          Rampage  .   (no gloves)
Will    .....                   (no boots)
Stlth   ..........              (no amulet)
HPRegen 0.12/turn               (no ring)
MPRegen 0.09/turn               (no ring)

@: confused, mighty, resistant, flying, studying Crossbows
A: sickness immunity, AC +4, negative energy resistance 1, electricity
resistance, torment resistance 1, petrification resistance, antennae 1, low mp
1, evolution 1
a: no special abilities


You were on level 2 of the Dungeon.
You visited 1 branch of the dungeon, and saw 3 of its levels.

You collected 85 gold pieces.

Inventory:

Hand Weapons
 a - a +0 flail (weapon)
Missiles
 j - a throwing net (quivered)
Armour
 b - a +0 scale mail (worn)
 c - a +0 buckler (worn)
 e - a +0 helmet
Wands
 g - a wand of polymorph (7)
Scrolls
 f - a scroll of enchant weapon {unknown}
 i - a scroll of brand weapon {unknown}
 k - 2 scrolls of fog
 l - a scroll of teleportation
Potions
 n - a potion of flight


   Skills:
 + Level 6.5 Fighting
 - Level 2.0 Maces & Flails
 - Level 3.2 Armour
 - Level 3.2 Shields


You had 4 spell levels left.
You didn't know any spells.
Your spell library contained the following spells:

 Spells                   Type           Power      Damage    Failure   Level
 Iskenderun's Battlesphe  Conj           0%         2d6       100%        5
 Iron Shot                Conj/Erth      0%         9d1       100%        6
 Spellforged Servitor     Conj/Summ      0%         N/A       100%        7


Dungeon Overview and Level Annotations

Branches:
Dungeon (3/15)

Altars:

Annotations:
D:2 Sigmund


Innate Abilities, Weirdness & Mutations

You are immune to sickness and miasma.
Your stone body is resilient. (AC +4)
You are immune to poison.
You resist negative energy. (rN+)
You are resistant to electric shocks. (rElec)
You are resistant to unholy torment.
You are immune to petrification.
You have a pair of small antennae on your head.
Your magical capacity is low. (-10% MP)
You have hidden genetic potential.


Message History

You sock Sigmund!
Sigmund is heavily wounded.
Sigmund closely misses you.
You sock Sigmund!
Sigmund is almost dead.
Sigmund casts a spell.
Sigmund flickers and vanishes!
Deactivating autopickup; reactivate with Ctrl-A.
The endoplasm freezes you.
You are frozen.
You thump the endoplasm!
You kill the endoplasm!
Something hits you.
You miss something.
You hear some strange, mumbled words.
You are confused.
You barely miss something.
You hear some strange, mumbled words.
A magic dart appears from out of thin air!
The magic dart hits you! Something hits you.
* * * LOW HITPOINT WARNING * * *
You hear some strange, mumbled words.
You are more confused.
Something hits you.
* * * LOW HITPOINT WARNING * * *
It was a potion of flight.
You feel very buoyant.
You fly up into the air.
Something hits you but does no damage.
It was a potion of resistance.
You feel protected.
It was a potion of mutation.
You feel extremely strange. A pair of antennae grows on your head!
Your +0 helmet falls away!
You feel less energetic.
You feel a hidden potential growing inside you.
You hear some strange, mumbled words.
A magic dart appears from out of thin air!
The magic dart hits you but does no damage.
You completely miss something. Something hits you.
You die...

#....... ..# #.......
..########.#.#
.........#.#..
#####.............. ###
#......##.._.......
#...#......#......÷....
##...#......#...........
.......@......#.........
.......{...#...<........
...........####.........
...........##...........
...........##.#.........
........................
...........#...#.#####..
.#.........#.#.#.# ##.
#.........#.#.#.# ##


There were no monsters in sight!

Vanquished Creatures
  Jessica (D:2)
  3 gnolls (D:3)
  5 adders
  A dart slug (D:1)
  An orc (D:3)
  5 endoplasms
  2 giant cockroaches
  4 goblins
  9 hobgoblins
  2 jackals (D:2)
  2 kobolds (D:1)
  4 quokkas
  4 ball pythons (D:1)
  3 bats
  5 frilled lizards
  5 rats
56 creatures vanquished.

Notes
Turn   | Place    | Note
-------+----------+-------------------------------------------
     0 | D:1      | vineage the Gargoyle Fighter began the quest for the Orb.
     0 | D:1      | Reached XP level 1. HP: 14/14 MP: 1/1
   228 | D:1      | Reached XP level 2. HP: 20/20 MP: 2/2
   277 | D:1      | Reached skill level 4 in Fighting
   686 | D:1      | Reached XP level 3. HP: 24/24 MP: 3/3
   994 | D:2      | Found a faded altar of an unknown god.
  1123 | D:2      | Noticed Sigmund
  1123 | D:2      | You fall into a shaft and drop 1 floor!
  1216 | D:3      | Reached skill level 5 in Fighting
  1461 | D:3      | Reached XP level 4. HP: 31/31 MP: 4/4
  2189 | D:3      | Reached skill level 6 in Fighting
  2300 | D:2      | Noticed Jessica
  2304 | D:2      | Reached XP level 5. HP: 36/36 MP: 5/5
  2305 | D:2      | Killed Jessica
  2429 | D:2      | Gained mutation: You have a pair of small antennae on your
                  | head. [potion of mutation]
  2429 | D:2      | Gained mutation: Your magical capacity is low. (-10% MP)
                  | [potion of mutation]
  2429 | D:2      | Gained mutation: You have hidden genetic potential. [potion
                  | of mutation]
  2430 | D:2      | Slain by Sigmund

Illustrated notes

Levels and vault maps discovered:
D:1:      minmay_arrival_loop, layout_loops_ring, dk_noncrumbling_3,
          minmay_3d_cube
D:2:      minmay_spotlight, layout_rooms, serial_corexii_hall,
          corexii_hall_statues_l, chequers_hall_statues_y, serial_shops, shop,
          ebering_ecumenical_altar_sacrificial, uniq_jessica, uniq_sigmund,
          uniq_crazy_yiuf_cottage
D:3:      layout_basic

Skill      XL: |  1  2  3  4 |
---------------+-------------+-----
Fighting       | 4 5 6 |  6.5
Maces & Flails | |  2.0
Armour         | |  3.2
Shields        | |  3.2

Action                   |  1- 3 |  4- 6 || total
-------------------------+-------+-------++-------
Melee: Flail             |   107 |    79 ||   186
  Use: Scroll            |     6 |       ||     6
       Potion            |       |     4 ||     4
Armor: Scale mail        |    77 |    34 ||   111
Dodge: Dodged            |    57 |    43 ||   100
Block: Buckler           |    26 |    18 ||    44

Table legend: (Time is in decaauts)
 A = Elapsed time spent in this place.
 B = Non-inter-level travel time spent in this place.
 C = Inter-level travel time spent in this place.
 D = Time resting spent in this place.
 E = Time spent auto-exploring this place.
 F = Levels seen in this place.
 G = Mean time per level.
                   A        B        C        D        E       F      G
               +--------+--------+--------+--------+--------+-----+--------+
         Total |   2488 |   2448 |     40 |    252 |   1772 |   3 |  829.3 |
       Dungeon |   2488 |   2448 |     40 |    252 |   1772 |   3 |  829.3 |
               +--------+--------+--------+--------+--------+-----+--------+

Top non-repeatable levels by time:
     D:3: 1164 daAuts
     D:1: 1011 daAuts
     D:2: 313 daAuts
